 Dungeon Crawl Stone Soup version 0.30-a0-341-g682706514a (webtiles) character file.

Game seed: 656501301288299133

294 billz999 the Changer (level 6, -3/41 HPs)
             Began as a Vampire Earth Elementalist on Nov 5, 2022.
             Succumbed to a scorpion's poison
             ... on level 5 of the Dungeon.
             The game lasted 00:07:12 (3915 turns).

billz999 the Changer (Vampire Earth Elementalist)   Turns: 3915, Time: 00:07:13

Health: -3/41      AC:  2    Str:  5 (7)  XL:     6   Next: 11%
Magic:  4/9        EV: 12    Int: 17 (19) God:
Gold:   245        SH:  0    Dex: 13 (15) Spells: 8/9 levels left

rFire   . . .      SeeInvis +    f - +0 short sword
rCold   . . .      Faith    .    (no shield)
rNeg    . . .      Spirit   .    a - +0 robe
rPois   .          Reflect  .    (no helmet)
rElec   .          Harm     .    (no cloak)
rCorr   .          Rampage  .    (no gloves)
Will    .....                    (no boots)
Stlth   ++........               (no amulet)
HPRegen 0.46/turn                (no ring)
MPRegen 0.11/turn                (no ring)

@: brilliant, lethally poisoned (-3 -> -21), flying, healing quickly
A: alive, fangs 3, see invisible, vampiric 2
a: Exsanguinate


You were on level 5 of the Dungeon.
You visited 1 branch of the dungeon, and saw 5 of its levels.

You collected 245 gold pieces.

Inventory:

Hand Weapons
 f - a +0 short sword (weapon)
 u - a +2 mace of holy wrath
Armour
 a - a +0 robe (worn)
 r - a +3 leather armour
Wands
 w - a wand of flame (8)
Scrolls
 b - 2 scrolls of blinking {unknown}
 c - a scroll of amnesia {unknown}
 d - 2 scrolls of teleportation
 g - 5 scrolls of identify
 h - a scroll of silence {unknown}
 j - a scroll of enchant armour {unknown}
 l - 2 scrolls of magic mapping {unknown}
 m - a scroll of acquirement {unknown}
 n - a scroll of immolation {unknown}
 o - a scroll of brand weapon {unknown}
 q - a scroll of fear {unknown}
 x - a scroll of noise {unknown}
Potions
 e - 3 potions of haste
 i - a potion of flight
 t - a potion of curing {unknown}
 v - a potion of ambrosia {unknown}


   Skills:
 - Level 2.6 Dodging
 - Level 3.7 Stealth
 - Level 2.3 Spellcasting
 + Level 6.0 Transmutations
 - Level 3.2 Earth Magic


You had 8 spell levels left.
You knew the following spells:

 Your Spells              Type           Power      Damage    Failure   Level
a - Sandblast             Erth           38%        2d10      4%          1

Your spell library contained the following spells:

 Spells                   Type           Power      Damage    Failure   Level
 Passwall                 Tmut/Erth      21%        N/A       4%          2
 Petrify                  Tmut/Erth      26%        N/A       26%         4
 Blink                    Tloc           6%         N/A       28%         2
 Momentum Strike          Conj/Tloc      6%         3d8       28%         2
 Stone Arrow              Conj/Erth      22%        3d8       28%         3
 Lesser Beckoning         Tloc           6%         N/A       50%         3


Dungeon Overview and Level Annotations

Branches:
Dungeon (5/15)
 Temple: D:4-7

Altars:

Shops:
D:4 ?*   D:5 *

Annotations:
D:3 Terence


Innate Abilities, Weirdness & Mutations

Your natural rate of healing is accelerated.
You have razor-sharp teeth.
You have supernaturally acute eyesight. (SInv)
You are afflicted with vampirism and can become a bat while bloodless.


Message History

The scorpion stings you.
It was a potion of flight.
You feel very buoyant.
You fly up into the air.
* * * LOW HITPOINT WARNING * * *
You feel very sick. The scorpion stings you.
* * * LOW HITPOINT WARNING * * *
You are more poisoned.
The scorpion poisons you! The scorpion misses you.
It was a potion of heal wounds.
You feel much better.
You feel very sick. The scorpion stings you.
Aiming: Throw Flame
Press: ? - help, Shift-Dir - straight line, f/p - scorpion
Aim: a scorpion (heavily wounded, 68% to hit)
The puff of flame hits the scorpion.
The scorpion is severely wounded.
You feel very sick. The scorpion stings you.
Aiming: Throw Flame
Press: ? - help, Shift-Dir - straight line, f/p - scorpion
Aim: a scorpion (severely wounded, 68% to hit)
The puff of flame hits the scorpion.
The scorpion is almost dead.
* * * LOW HITPOINT WARNING * * *
You feel very sick. The scorpion stings you.
* * * LOW HITPOINT WARNING * * *
You are more poisoned.
The scorpion poisons you!
It was a potion of degeneration.
There was something very wrong with that liquid.
You feel weakened.
You feel dopey.
You feel clumsy.
* * * LOW HITPOINT WARNING * * *
You feel very sick. The scorpion barely misses you.
It was a potion of brilliance.
You feel clever all of a sudden.
You die...

####.#####....
#######.#####...#
#................
#........###....#
#........# #.#.#.
#........# #.#.#.
.........# #.#.#.
..#########.##..###.#...
..'...s@..#. #..........
..#######.#. ##.#...###.
#.# #.### #. #.# #. #.
#.# #. #. #.# # #. #.#
#. ###.# #. #...# #.


You could see a scorpion.

Vanquished Creatures
  A scorpion (D:4)
  3 hounds
  2 adders
  A shadow imp (D:5)
  A white imp (D:5)
  A worm (D:2)
  3 dart slugs
  4 orcs
  4 ball pythons
  8 bats
  8 endoplasms
  3 giant cockroaches
  10 goblins
  6 hobgoblins
  9 jackals
  3 quokkas
  18 frilled lizards
  14 kobolds
99 creatures vanquished.

Vanquished Creatures (others)
  7 plants (D:3)
7 creatures vanquished.

Grand Total: 106 creatures vanquished

Notes
Turn   | Place    | Note
-------+----------+-------------------------------------------
     0 | D:1      | billz999 the Vampire Earth Elementalist began the quest for
                  | the Orb.
     0 | D:1      | Reached XP level 1. HP: 13/13 MP: 3/3
   186 | D:1      | Reached XP level 2. HP: 19/19 MP: 1/5
   635 | D:1      | Gained mutation: You are afflicted with vampirism and can
                  | become a bat while bloodless. [Vampire growth]
   635 | D:1      | Reached XP level 3. HP: 24/24 MP: 4/6
  1159 | D:2      | Reached skill level 2 in Transmutations
  1961 | D:2      | Reached skill level 3 in Transmutations
  1961 | D:2      | Reached XP level 4. HP: 29/30 MP: 2/7
  2395 | D:3      | Found a faded altar of an unknown god.
  2522 | D:3      | Noticed Terence
  2676 | D:4      | Reached skill level 4 in Transmutations
  2796 | D:4      | Reached XP level 5. HP: 35/35 MP: 5/8
  2959 | D:4      | Reached skill level 5 in Transmutations
  3318 | D:4      | Found Ceegodah's Overcharged Wands.
  3415 | D:4      | Found Yxegh's Magic Scroll Emporium.
  3444 | D:5      | Entered Level 5 of the Dungeon
  3553 | D:5      | Found Jeihinat's Assorted Antiques.
  3618 | D:5      | Reached XP level 6. HP: 39/41 MP: 3/9
  3699 | D:5      | Reached skill level 6 in Transmutations
  3914 | D:5      | HP: 2/41 [poisoned by a scorpion]
  3915 | D:5      | Succumbed to a scorpion's poison

Illustrated notes

Levels and vault maps discovered:
D:1:      eino_arrival_druids_welcome, layout_rooms, serial_bayou_pond_c
D:2:      layout_loops_corners, minmay_tiny_reverse_x
D:3:      layout_basic, basic_ecumenical_altar, minmay_lizard_king, uniq_terence
D:4:      cheibrodos_thug_alley, layout_basic, serial_shops, shop,
          nicolae_shop_overcharged_wands
D:5:      layout_basic, serial_shops, nicolae_shop_waterfront, shop

Skill      XL: |  1  2  3  4  5  6 |
---------------+-------------------+-----
Transmutations | 3 4 5 6 |  6.0
Dodging        | |  2.6
Stealth        | |  3.7
Spellcasting   | |  2.3
Earth Magic    | |  3.2

Action                   |  1- 3 |  4- 6 || total
-------------------------+-------+-------++-------
Melee: Short sword       |     8 |    26 ||    34
       Bite              |     3 |     2 ||     5
 Cast: Sandblast         |    74 |    93 ||   167
Evoke: Wand              |       |     2 ||     2
  Use: Scroll            |       |     3 ||     3
       Potion            |       |     6 ||     6
 Stab: Sleeping          |       |     2 ||     2
Armor: Robe              |    12 |     4 ||    16
Dodge: Dodged            |    34 |    63 ||    97

Table legend: (Time is in decaauts)
 A = Elapsed time spent in this place.
 B = Non-inter-level travel time spent in this place.
 C = Inter-level travel time spent in this place.
 D = Time resting spent in this place.
 E = Time spent auto-exploring this place.
 F = Levels seen in this place.
 G = Mean time per level.
                   A        B        C        D        E       F      G
               +--------+--------+--------+--------+--------+-----+--------+
         Total |   3995 |   3882 |    113 |    121 |   3125 |   5 |  799.0 |
       Dungeon |   3995 |   3882 |    113 |    121 |   3125 |   5 |  799.0 |
               +--------+--------+--------+--------+--------+-----+--------+

Top non-repeatable levels by time:
     D:2: 1238 daAuts
     D:1: 989 daAuts
     D:4: 901 daAuts
     D:5: 482 daAuts
     D:3: 383 daAuts
